MLB
TEXAS RANGERS @ ST. LOUIS CARDINALS
05/30/2098
 
TOP OF THE 1ST
Texas Rangers batting - Pitching for St. Louis Cardinals : RHP Scott Kocis
Pitching: RHP Scott Kocis
Batting: RHB Jason Hartel 0-0: Ball
1-0: Ground out U3 (Groundball, 3, EV 91.3 MPH)
Batting: LHB Simeone DeVito 0-0: Called Strike
0-1: Foul Ball, location: 2F
0-2: Strikes out looking
Batting: SHB Luis Chavez 0-0: Fly out, F5 (Popup, 56, EV 66.9 MPH)
Top of the 1st over - 0 runs, 0 hits, 0 errors, 0 left on base; Texas 0 - St. Louis 0
BOTTOM OF THE 1ST
St. Louis Cardinals batting - Pitching for Texas Rangers : RHP Imre Wenner
Pitching: RHP Imre Wenner
Batting: LHB Brett Rinehart 0-0: Swinging Strike
0-1: Foul Ball, location: 23FF
0-2: Ball
1-2: Foul Ball, location: 25F
1-2: Foul Ball, location: 2F
1-2: Strikes out swinging
Batting: RHB Butch Arnett 0-0: Ball
1-0: Swinging Strike
1-1: Ball
2-1: Ball
3-1: Foul Ball, location: 3F
3-2: Foul Ball, location: 23FF
3-2: Ground out 4-3 (Groundball, 4, EV 81.3 MPH)
Batting: SHB Bryan Smolka 0-0: Ball
1-0: Foul Ball, location: 2F
1-1: Ball
2-1: Swinging Strike
2-2: Foul Ball, location: 7LDF
2-2: Ball
3-2: Fly out, F6 (Line Drive, 6, EV 70.6 MPH)
Bottom of the 1st over - 0 runs, 0 hits, 0 errors, 0 left on base; Texas 0 - St. Louis 0
TOP OF THE 2ND
Texas Rangers batting - Pitching for St. Louis Cardinals : RHP Scott Kocis
Batting: LHB Nick Gunnels 0-0: Called Strike
0-1: Foul Ball, location: 3F
0-2: Strikes out looking
Batting: RHB Kevin Hock 0-0: Ball
1-0: Ball
2-0: Called Strike
2-1: Swinging Strike
2-2: Strikes out looking
Batting: RHB Brian Ruble 0-0: Called Strike
0-1: Ball
1-1: Foul Ball, location: 23F
1-2: SOLO HOME RUN (Flyball, 7D, EV 96.3 MPH), Distance : 375 ft
Batting: LHB Scott Spencer 0-0: Foul Ball, location: 2F
0-1: Fly out, F3 (Popup, 3SF, EV 90.0 MPH)
Top of the 2nd over - 1 run, 1 hit, 0 errors, 0 left on base; Texas 1 - St. Louis 0
BOTTOM OF THE 2ND
St. Louis Cardinals batting - Pitching for Texas Rangers : RHP Imre Wenner
Batting: RHB Ryan Collier 0-0: Ball
1-0: Ground out 6-3 (Groundball, 6, EV 78.8 MPH)
Batting: LHB Jose Nieto 0-0: Ball
1-0: Ball
2-0: Fly out, F8 (Flyball, 89D, EV 103.1 MPH)
Batting: RHB Jesus Guzman 0-0: Foul Ball, location: 2F
0-1: Ball
1-1: Foul Ball, location: 9LDF
1-2: Foul Ball, location: 5DF
1-2: Strikes out looking
Bottom of the 2nd over - 0 runs, 0 hits, 0 errors, 0 left on base; Texas 1 - St. Louis 0
TOP OF THE 3RD
Texas Rangers batting - Pitching for St. Louis Cardinals : RHP Scott Kocis
Batting: RHB Chris Patrick 0-0: Ball
1-0: Ball
2-0: Foul Ball, location: 2F
2-1: Called Strike
2-2: Ball
3-2: Strikes out looking
Batting: RHB Chris Daly 0-0: Called Strike
0-1: Swinging Strike
0-2: Foul Ball, location: 9LMF
0-2: Ball
1-2: Ball
2-2: Strikes out swinging
Batting: RHB Jason Hartel 0-0: Ball
1-0: Ball
2-0: Ball
3-0: Called Strike
3-1: Called Strike
3-2: Ground out 4-3 (Groundball, 34D, EV 109.4 MPH)
Top of the 3rd over - 0 runs, 0 hits, 0 errors, 0 left on base; Texas 1 - St. Louis 0
BOTTOM OF THE 3RD
St. Louis Cardinals batting - Pitching for Texas Rangers : RHP Imre Wenner
Batting: LHB Ricky Rios 0-0: Ball
1-0: Swinging Strike
1-1: Ball
2-1: Ball
3-1: SINGLE (Line Drive, 78S, EV 103.8 MPH)
Batting: RHB Brodie Herian 0-0: SINGLE (Line Drive, 78M, EV 104.4 MPH)
Ricky Rios to second
Batting: LHB Jimmy Goldberg 0-0: Fly out, F6 (Popup, 6S, EV 86.3 MPH)
Batting: LHB Brett Rinehart 0-0: Fielders Choice at 2nd, 1-6 (Groundball, 23, EV 63.8 MPH)
Ricky Rios to third
Batting: RHB Butch Arnett 0-0: Called Strike
0-1: Foul Ball, location: 2F
0-2: Ball
1-2: Foul Ball, location: 5F
1-2: Ball
Brett Rinehart is caught stealing 2nd base 2-4
Bottom of the 3rd over - 0 runs, 2 hits, 0 errors, 1 left on base; Texas 1 - St. Louis 0
TOP OF THE 4TH
Texas Rangers batting - Pitching for St. Louis Cardinals : RHP Scott Kocis
Batting: LHB Simeone DeVito 0-0: Foul Ball, location: 7LMF
0-1: Ball
1-1: Ball
2-1: Ball
3-1: Called Strike
3-2: Base on Balls
Batting: SHB Luis Chavez 0-0: Grounds out, U3 (Groundball, 3L, EV 80.0 MPH)
Batting: LHB Nick Gunnels 0-0: Called Strike
0-1: Called Strike
0-2: Ground out U3 (Groundball, 34, EV 99.4 MPH)
Simeone DeVito to third
Batting: RHB Kevin Hock 0-0: Swinging Strike
Balk!
Simeone DeVito scores
0-1: Ball
1-1: Ball
2-1: Called Strike
2-2: Ball
3-2: Fly out, F6 (Popup, 6, EV 63.8 MPH)
Top of the 4th over - 1 run, 0 hits, 0 errors, 0 left on base; Texas 2 - St. Louis 0
BOTTOM OF THE 4TH
St. Louis Cardinals batting - Pitching for Texas Rangers : RHP Imre Wenner
Batting: RHB Butch Arnett 0-0: Ball
1-0: Fly out, F7 (Flyball, 78S, EV 89.4 MPH)
Batting: SHB Bryan Smolka 0-0: Ball
1-0: Ball
2-0: Ball
3-0: Base on Balls
Batting: RHB Ryan Collier 0-0: Swinging Strike
0-1: Fly out, F7 (Flyball, 78D, EV 93.1 MPH)
Batting: LHB Jose Nieto 0-0: Fly out, F8 (Flyball, 8LM, EV 93.1 MPH)
Bottom of the 4th over - 0 runs, 0 hits, 0 errors, 1 left on base; Texas 2 - St. Louis 0
TOP OF THE 5TH
Texas Rangers batting - Pitching for St. Louis Cardinals : RHP Scott Kocis
Batting: RHB Brian Ruble 0-0: Called Strike
0-1: Ball
1-1: Called Strike
1-2: Ground out 6-3 (Groundball, 6, EV 101.9 MPH)
Batting: LHB Scott Spencer 0-0: Ground out U3 (Groundball, 34, EV 93.1 MPH)
Batting: RHB Chris Patrick 0-0: Ball
1-0: Fly out, F8 (Line Drive, 8RD, EV 100.6 MPH)
Top of the 5th over - 0 runs, 0 hits, 0 errors, 0 left on base; Texas 2 - St. Louis 0
BOTTOM OF THE 5TH
St. Louis Cardinals batting - Pitching for Texas Rangers : RHP Imre Wenner
Batting: RHB Jesus Guzman 0-0: Fly out, F8 (Flyball, 89M, EV 85.6 MPH)
Batting: LHB Ricky Rios 0-0: Fly out, F7 (Flyball, 7, EV 91.9 MPH)
Batting: RHB Brodie Herian 0-0: Ball
1-0: Fly out, F6 (Popup, 6M, EV 55.6 MPH)
Bottom of the 5th over - 0 runs, 0 hits, 0 errors, 0 left on base; Texas 2 - St. Louis 0
TOP OF THE 6TH
Texas Rangers batting - Pitching for St. Louis Cardinals : RHP Scott Kocis
Batting: RHB Chris Daly 0-0: Ball
1-0: Called Strike
1-1: Foul Ball, location: 5FF
1-2: Ball
2-2: Ball
3-2: Base on Balls
Batting: RHB Jason Hartel 0-0: Ball
1-0: Swinging Strike
1-1: Ball
2-1: Foul Ball, location: 2F
2-2: SINGLE (Groundball, 34D, EV 96.3 MPH)
Chris Daly to second
Runner from 2nd tries for 3rd, SAFE, no throw by RF
Batting: LHB Simeone DeVito 0-0: Ball
1-0: Ball
2-0: Called Strike
2-1: Ball
3-1: Called Strike
3-2: Strikes out swinging
Batting: SHB Luis Chavez 0-0: Ball
1-0: Ball
Jason Hartel steals 2nd base
2-0: Called Strike
2-1: Foul Ball, location: 3F
2-2: Ball
3-2: SINGLE (Groundball, 6, EV 105.0 MPH)
Chris Daly scores
Jason Hartel to third
Batting: LHB Nick Gunnels 0-0: Ball
1-0: Called Strike
1-1: Fly out, F8 (Flyball, 8LD, EV 91.3 MPH)
Runner from 3rd tags up, SCORES, throw by CF
Batting: RHB Kevin Hock 0-0: SINGLE (Line Drive, 8RS, EV 94.4 MPH)
Luis Chavez to second
Runner from 2nd tries for 3rd, SAFE, throw by CF made to third
Batting: RHB Brian Ruble 0-0: Foul Ball, location: 2F
0-1: Ball
1-1: Ball
2-1: Foul Ball, location: 5FF
2-2: Reached via error on a dropped throw from 3B, E3 (Groundball, 5S, EV 78.8 MPH)
Luis Chavez scores
Kevin Hock to second
Batting: LHB Scott Spencer 0-0: SINGLE (Line Drive, 3D, EV 106.9 MPH)
Kevin Hock to third
Brian Ruble to second
Runner from 3rd tries for Home, SAFE, throw by RF to home
Pitching: RHP Curtis Genereux
Batting: RHB Chris Patrick 0-0: Hit by Pitch
Brian Ruble to third
Scott Spencer to second
Batting: RHB Chris Daly 0-0: Foul Ball, location: 5SF
0-1: Ball
1-1: Ball
2-1: Ball
3-1: Swinging Strike
3-2: Strikes out looking
Top of the 6th over - 4 runs, 4 hits, 1 error, 3 left on base; Texas 6 - St. Louis 0
BOTTOM OF THE 6TH
St. Louis Cardinals batting - Pitching for Texas Rangers : RHP Imre Wenner
Batting: LHB Jimmy Goldberg 0-0: DOUBLE (Line Drive, 89D, EV 105.0 MPH)
Batting: LHB Brett Rinehart 0-0: Ground out 4-3 (Groundball, 4, EV 80.0 MPH)
Jimmy Goldberg to third
Batting: RHB Butch Arnett 0-0: 2-RUN HOME RUN (Flyball, 78XD, EV 98.8 MPH), Distance : 393 ft
Batting: SHB Bryan Smolka 0-0: Ball
1-0: Ball
2-0: SOLO HOME RUN (Flyball, 9D, EV 94.4 MPH), Distance : 359 ft
Batting: RHB Ryan Collier 0-0: Called Strike
0-1: Ball
1-1: Ball
2-1: Ball
3-1: Called Strike
3-2: Fly out, F8 (Flyball, 89D, EV 105.6 MPH)
Batting: LHB Jose Nieto 0-0: Ball
1-0: Ball
2-0: Ball
3-0: Called Strike
3-1: Foul Ball, location: 2F
3-2: Fly out, F8 (Flyball, 8RD, EV 105.6 MPH)
Bottom of the 6th over - 3 runs, 3 hits, 0 errors, 0 left on base; Texas 6 - St. Louis 3
TOP OF THE 7TH
Texas Rangers batting - Pitching for St. Louis Cardinals : RHP Curtis Genereux
Batting: RHB Jason Hartel 0-0: Ball
1-0: Foul Ball, location: 5F
1-1: Ball
2-1: Called Strike
2-2: Ball
3-2: Foul Ball, location: 2F
3-2: Fly out, F8 (Line Drive, 8RD, EV 103.1 MPH)
Batting: LHB Simeone DeVito 0-0: Called Strike
0-1: Called Strike
0-2: Foul Ball, location: 2F
0-2: Hit by Pitch
Batting: SHB Luis Chavez 0-0: Foul Ball, location: 25F
0-1: Called Strike
0-2: Strikes out swinging
Batting: LHB Nick Gunnels 0-0: Ball
1-0: Ball
2-0: Ball
3-0: Called Strike
3-1: SINGLE (Line Drive, 56D, EV 108.1 MPH)
Simeone DeVito to second
Batting: RHB Kevin Hock 0-0: Ball
1-0: Foul Ball, location: 2F
1-1: Ball
2-1: Foul Ball, location: 2F
2-2: Ball
3-2: Foul Ball, location: 2F
3-2: Strikes out looking
Top of the 7th over - 0 runs, 1 hit, 0 errors, 2 left on base; Texas 6 - St. Louis 3
BOTTOM OF THE 7TH
St. Louis Cardinals batting - Pitching for Texas Rangers : RHP Imre Wenner
Pitching: RHP Victor Luna
Now in LF: Chris Patrick
Now in RF: Ryan Adkins
Batting: RHB Jesus Guzman 0-0: Ball
1-0: Called Strike
1-1: Ball
2-1: DOUBLE (Line Drive, 9LS, EV 103.8 MPH)
Batting: LHB Ricky Rios 0-0: Called Strike
0-1: Called Strike
0-2: Strikes out swinging
Batting: RHB Brodie Herian 0-0: Ground out 4-3 (Groundball, 4, EV 103.1 MPH)
Jesus Guzman to third
Batting: LHB Jimmy Goldberg 0-0: Called Strike
0-1: Ball
1-1: Ball
2-1: Called Strike
2-2: Fly out, F8 (Flyball, 8RM, EV 98.1 MPH)
Bottom of the 7th over - 0 runs, 1 hit, 0 errors, 1 left on base; Texas 6 - St. Louis 3
TOP OF THE 8TH
Texas Rangers batting - Pitching for St. Louis Cardinals : RHP Curtis Genereux
Pitching: RHP David Herman
Batting: RHB Brian Ruble 0-0: Ball
1-0: Ball
2-0: SINGLE (Groundball, 13, EV 71.3 MPH) (infield hit)
Batting: LHB Scott Spencer 0-0: Ball
1-0: Called Strike
1-1: Called Strike
1-2: Strikes out swinging
Batting: RHB Chris Patrick 0-0: Called Strike
0-1: SINGLE (Line Drive, 6M, EV 104.4 MPH)
Brian Ruble to second
Batting: RHB Chris Daly 0-0: Ball
1-0: Swinging Strike
1-1: Swinging Strike
1-2: Foul Ball, location: 23FF
1-2: Strikes out looking
Batting: RHB Jason Hartel 0-0: Ball
1-0: Ball
2-0: Ball
3-0: Base on Balls
Brian Ruble to third
Chris Patrick to second
Batting: LHB Simeone DeVito 0-0: Ball
1-0: Fielders Choice at 2nd, 6-4 (Groundball, 6, EV 81.9 MPH)
Top of the 8th over - 0 runs, 2 hits, 0 errors, 3 left on base; Texas 6 - St. Louis 3
BOTTOM OF THE 8TH
St. Louis Cardinals batting - Pitching for Texas Rangers : RHP Victor Luna
Batting: LHB Brett Rinehart 0-0: Called Strike
0-1: Ball
1-1: SINGLE (Groundball, 4S, EV 67.5 MPH) (infield hit)
Batting: RHB Butch Arnett 0-0: Called Strike
0-1: Called Strike
0-2: 2-RUN HOME RUN (Line Drive, 78XD, EV 106.3 MPH), Distance : 411 ft
Batting: SHB Bryan Smolka 0-0: Swinging Strike
0-1: Fly out, F9 (Flyball, 9, EV 88.8 MPH)
Batting: RHB Ryan Collier 0-0: Called Strike
0-1: Ground out 4-3 (Groundball, 4, EV 103.8 MPH)
Batting: LHB Jose Nieto 0-0: Foul Ball, location: 9LMFF
0-1: Ball
1-1: Swinging Strike
1-2: Strikes out looking
Bottom of the 8th over - 2 runs, 2 hits, 0 errors, 0 left on base; Texas 6 - St. Louis 5
TOP OF THE 9TH
Texas Rangers batting - Pitching for St. Louis Cardinals : RHP David Herman
Pitching: RHP Bobby Long
Batting: SHB Luis Chavez 0-0: Called Strike
0-1: Ball
1-1: Called Strike
1-2: Strikes out swinging
Batting: RHB Ryan Adkins 0-0: Ground out 5-3 (Groundball, 5, EV 99.4 MPH)
Batting: RHB Kevin Hock 0-0: Ball
1-0: Ball
2-0: Called Strike
2-1: SINGLE (Line Drive, 7S, EV 76.3 MPH)
Batting: RHB Brian Ruble 0-0: Fly out, F8 (Line Drive, 8RM, EV 95.0 MPH)
Top of the 9th over - 0 runs, 1 hit, 0 errors, 1 left on base; Texas 6 - St. Louis 5
BOTTOM OF THE 9TH
St. Louis Cardinals batting - Pitching for Texas Rangers : RHP Victor Luna
Batting: RHB Jesus Guzman 0-0: Ball
1-0: Foul Ball, location: 2F
1-1: Ball
2-1: Foul Ball, location: 9LDF
2-2: Ball
3-2: SINGLE (Line Drive, 7S, EV 86.3 MPH)
Batting: LHB Ricky Rios 0-0: Sac Bunt to P - play at first, batter OUT! 1-4
Jesus Guzman to second
Pinch Hitting: RHB Jayden Whaley 0-0: Foul Ball, location: 25FF
0-1: Foul Ball, location: 2F
0-2: Strikes out swinging
Batting: LHB Jimmy Goldberg 0-0: Called Strike
0-1: Ball
1-1: Ball
2-1: Ball
3-1: Called Strike
3-2: Foul Ball, location: 2RF
3-2: Ground out U3 (Groundball, 23, EV 90.0 MPH)
Bottom of the 9th over - 0 runs, 1 hit, 0 errors, 1 left on base; Texas 6 - St. Louis 5
Thursday, April 4th , 2024 - OOTP Baseball 24.11 Build 85